 Dungeon Crawl Stone Soup version 0.29.0-11-gd7f09526c8 (webtiles) character file.

Game seed: 12597903336458568028

91 brob1 the Chopper (level 4, -21/41 HPs)
             Began as a Minotaur Berserker on Sept 5, 2022.
             Was a Follower of Trog.
             Engulfed by a cloud of flame (23 damage)
             ... on level 3 of the Dungeon.
             The game lasted 00:02:31 (1931 turns).

brob1 the Chopper (Minotaur Berserker)              Turns: 1931, Time: 00:02:31

Health: -21/41     AC: 11    Str: 24    XL:     4   Next: 34%
Magic:  3/3        EV:  7    Int:  4    God:    Trog [*.....]
Gold:   28         SH:  0    Dex:  9    Spells: 3/3 levels left

rFire   . . .      SeeInvis .   a - +0 hand axe
rCold   . . .      Faith    .   (no shield)
rNeg    . . .      Spirit   .   i - +0 plate armour
rPois   .          Reflect  .   (helmet restricted)
rElec   .          Harm     .   (no cloak)
rCorr   .          Rampage  .   (no gloves)
Will    .....                   (no boots)
Stlth   ..........              (no amulet)
HPRegen 0.13/turn               (no ring)
MPRegen 0.08/turn               (no ring)

@: no status effects
A: horns 2, retaliatory headbutt
a: Renounce Religion, Berserk


You were on level 3 of the Dungeon.
You worshipped Trog.
Trog was aware of your devotion.
You visited 1 branch of the dungeon, and saw 3 of its levels.

You collected 67 gold pieces.
You spent 39 gold pieces at shops.

Inventory:

Hand Weapons
 a - a +0 hand axe (weapon)
Missiles
 d - 7 boomerangs (quivered)
Armour
 i - a +0 plate armour (worn)
Scrolls
 g - a scroll of blinking
Potions
 e - a potion of mutation
 f - a potion of lignification {unknown}
 h - a potion of haste {unknown}
 j - a potion of flight {unknown}
 k - a potion of curing


   Skills:
 + Level 4.6 Fighting
 + Level 4.8 Axes
 + Level 3.2 Armour
 + Level 2.6 Dodging


You had 3 spell levels left.
You didn't know any spells.
Your spell library was empty.

Dungeon Overview and Level Annotations

Branches:
Dungeon (3/15)

Altars:

Shops:
D:2 !*[(*


Innate Abilities, Weirdness & Mutations

You have a pair of horns on your head.
You reflexively headbutt those who attack you in melee.


Message History

You kill the bat!
Trog accepts your kill.
No target in view!
There is an entrance to Mafybig's Distillery here.
k - a potion of curing Thank you for shopping at Mafybig's Distillery!
You can access your shopping list by pressing '$'.
Done exploring.
There is a stone staircase leading down here.
You climb downwards.
You hear the sound of rushing water.
There is an entrance to a sewer on this level.
Hurry and find it before the portal rusts away!
There is a stone staircase leading up here.
Blink to where?
Press: ? - help, Dir - move target A goblin comes into view.
It is wielding a +0 dagger.
Found a yellow potion.
As you read the scroll labelled PUFFAO KIKHLITE, it crumbles to dust.
It was a scroll of blinking.
The goblin shouts!
As you read the scroll labelled YSAAKIE CAINY, it crumbles to dust.
The creatures around you are filled with an inner flame!
It was a scroll of immolation.
As you read the scroll labelled OSAEDAD WAARR, it crumbles to dust.
It is a scroll of identify.
e - a potion of mutation You aren't carrying any items that you can evoke.
The goblin hits you but does no damage.
A hobgoblin comes into view.
The hobgoblin shouts!
You hit the goblin but do no damage. The goblin hits you but does no damage.
You slash the goblin! Trog accepts your kill.
The goblin explodes!
The fiery explosion engulfs you!!!
Ouch! That really hurt!
* * * LOW HITPOINT WARNING * * *
You are engulfed in blazing flames.
Ouch! That really hurt!
You die...

#.......#
........#
#.......#
#..!....####
#..........#
#....§§.##.#
#....§§.##.#
#§@..<#
#.##### ...
#.### .. ..
.


There were no monsters in sight!

Vanquished Creatures
  Jessica (D:2)
  Terence (D:2)
  A gnoll (D:1)
  A worm (D:2)
  A dart slug (D:1)
  An orc (D:2)
  2 bats
  3 endoplasms
  3 giant cockroaches (D:2)
  2 goblins
  3 hobgoblins
  4 ball pythons
  2 kobolds
  A rat (D:2)
26 creatures vanquished.

Notes
Turn   | Place    | Note
-------+----------+-------------------------------------------
     0 | D:1      | brob1 the Minotaur Berserker began the quest for the Orb.
     0 | D:1      | Reached XP level 1. HP: 19/19 MP: 0/0
    11 | D:1      | Reached XP level 2. HP: 27/27 MP: 1/1
   840 | D:2      | Noticed Terence
   852 | D:2      | Killed Terence
   853 | D:2      | Reached XP level 3. HP: 20/34 MP: 2/2
   993 | D:2      | Found Muqoarr's Assorted Antiques.
  1122 | D:2      | Found Piewuug's General Store.
  1298 | D:2      | Found Tairghoat's Antique Armour Shop.
  1298 | D:2      | Noticed Jessica
  1313 | D:2      | Killed Jessica
  1314 | D:2      | Reached XP level 4. HP: 30/41 MP: 3/3
  1435 | D:2      | Found Zomass's Antique Weapon Shoppe.
  1894 | D:2      | Found Mafybig's Distillery.
  1908 | D:2      | Bought a potion of curing for 39 gold pieces
  1931 | D:3      | HP: 2/41 [spore (39)]
  1931 | D:3      | Engulfed by a cloud of flame

Illustrated notes

Levels and vault maps discovered:
D:1:      mrwooster_arrival_statue, layout_rooms, hangedman_decor_points,
          chequers_serial_rivers_micro_c
D:2:      layout_loops_corners, serial_shops, nicolae_shop_waterfront,
          nicolae_shop_behind_doors, shop, nicolae_shop_behind_doors,
          nicolae_lakefront_shop, uniq_jessica, uniq_terence
D:3:      layout_basic, old_standard_altar, ebering_ecumenical_altar_petrified,
          portal_sewer_entry_b

Skill      XL: |  1  2  3 |
---------------+----------+-----
Axes           | 4 |  4.8
Fighting       | 4 |  4.6
Armour         | 3 |  3.2
Dodging        | |  2.6

Action                   |  1- 3 |  4- 6 || total
-------------------------+-------+-------++-------
Melee: Hand axe          |    50 |    27 ||    77
       Headbutt          |     9 |     4 ||    13
  Use: Scroll            |       |     3 ||     3
Armor: Animal skin       |     6 |       ||     6
       Plate armour      |    14 |    16 ||    30
Dodge: Dodged            |    22 |     7 ||    29
